Map: Vigía EE

Players

Skywalker - Winner!

  • Race: Terran Terran
  • League: Platinum
  • Spawn Location: 9:00

GuZzOd - Winner!

  • Race: Zerg Zerg
  • League: Silver
  • Spawn Location: 9:00

Bedik - Winner!

  • Race: Zerg Zerg
  • League: Bronze
  • Spawn Location: 12:00

MrFercho

  • Race: Zerg Zerg
  • League: Gold
  • Spawn Location: 5:00

TATORREA

  • Race: Protoss Protoss
  • League: Gold
  • Spawn Location: 5:00

tigro

  • Race: Terran Terran
  • League: Bronze
  • Spawn Location: 6:00

VOD

Have the link to the VOD?

Description

Time

  • Played on: Aug. 7, 2020, 8:03 p.m.
  • Length: 5:45
Show
View Real Time Build Order
Export as new Build Order

Skywalker Terran - Winner!

Build Orders:  

Get SALT Encoding   

  12  0:02  SCV  
  13  0:14  SCV  
  13  0:19  Supply Depot  
  14  0:25  Refinery  
  14  0:28  SCV  
  15  0:47  Barracks, SCV  
  16  0:57  Refinery  
  16  0:59  SCV  
  17  1:11  SCV  
  18  1:23  SCV  
  19  1:35  SCV  
  20  1:42  Barracks Reactor, Factory  
  20  1:48  SCV  
  21  2:00  SCV  
  22  2:01  Supply Depot  
  22  2:10  Supply Depot  
  22  2:12  SCV  
  23  2:23  Marine x2  
  23  2:27  Factory Tech Lab  
  25  2:31  Supply Depot  
  25  2:34  SCV  
  26  2:47  Marine x2  
  28  2:57  Supply Depot  
  28  2:58  Siege Tank  
  31  3:05  Marine  
  32  3:15  Marine  
  33  3:23  Marine  
  34  3:30  Supply Depot, Siege Tank  
  34  3:33  Marine  
  38  3:40  Marine  
  39  4:02  Siege Tank  
  42  4:08  Marine x2  
  44  4:26  Marine x2  
  46  4:34  Siege Tank  
  49  4:44  Marine x2  
  47  5:07  Hellion  
Show
View Real Time Build Order
Export as new Build Order

GuZzOd Zerg - Winner!

Build Orders: Hatch First 

Get SALT Encoding   

  12  0:08  Overlord  
  12  0:20  Drone x2  
  14  0:34  Drone x2  
  16  0:52  Hatchery  
  15  1:00  Drone x2  
  15  1:03  Drone  
  18  1:07  Extractor  
  17  1:20  Spawning Pool  
  16  1:27  Drone x2  
  18  1:35  Drone  
  19  1:46  Overlord  
  19  2:04  Hatchery  
  18  2:11  Drone x2  
  18  2:12  Drone  
  21  2:19  Metabolic Boost  
  21  2:33  Evolution Chamber  
  20  2:47  Queen x2  
  20  2:50  Drone  
  25  2:52  Drone  
  25  2:56  Drone  
  27  2:59  Drone  
  27  3:03  Drone  
  29  3:06  Drone  
  30  3:13  Overlord  
  30  3:21  Queen  
  32  3:27  Zerg Melee Weapons Level 1  
  32  3:34  Zergling x2  
  32  3:35  Zergling x6  
  32  3:38  Zergling x2  
  32  3:41  Drone  
  38  3:43  Drone  
  38  3:45  Drone  
  38  3:47  Drone  
  41  3:52  Drone  
  41  3:53  Drone  
  43  4:03  Zergling x8  
  43  4:04  Zergling x2  
  43  4:08  Drone x2  
  50  4:13  Overlord  
  50  4:19  Lair  
  50  4:33  Zergling x2  
  50  4:34  Zergling x14  
  58  4:39  Overlord  
  58  4:47  Overlord  
  58  4:48  Overlord  
  58  4:56  Overlord x3  
Show
View Real Time Build Order
Export as new Build Order

Bedik Zerg - Winner!

Build Orders: Hatch First 

Get SALT Encoding   

  12  0:01  Drone  
  13  0:08  Drone  
  14  0:40  Hatchery  
  14  0:41  Drone  
  14  0:54  Overlord  
  14  1:04  Spawning Pool  
  14  1:08  Drone  
  14  1:16  Drone  
  14  1:17  Drone  
  16  1:22  Extractor  
  15  1:26  Drone  
  15  1:27  Extractor  
  15  1:31  Drone  
  16  1:41  Drone  
  17  1:52  Zergling x4  
  19  1:59  Evolution Chamber  
  18  2:03  Zergling x4  
  20  2:14  Metabolic Boost  
  20  2:16  Zergling x4  
  22  2:26  Zergling x4  
  24  2:36  Zerg Melee Weapons Level 1  
  24  2:38  Zergling x2  
  24  2:42  Zergling x2  
  26  2:46  Zergling x2  
  26  2:49  Zergling x2  
  28  3:07  Overlord  
  28  3:09  Overlord  
  28  3:25  Drone x3  
  28  3:26  Drone  
  32  3:28  Drone  
  32  3:59  Zergling x10  
  37  4:12  Zergling x6  
  37  4:16  Queen  
  42  4:21  Overlord  
  42  4:38  Queen  
  38  5:25  Zergling x2  
  38  5:26  Zergling x10  
Show
View Real Time Build Order
Export as new Build Order

MrFercho Zerg 

Build Orders: Hatch First 

Get SALT Encoding   

  12  0:16  Drone  
  12  0:19  Overlord  
  12  0:20  Drone  
  14  0:38  Drone  
  14  0:40  Drone  
  16  0:52  Hatchery  
  16  0:55  Drone  
  16  0:59  Drone  
  17  1:10  Drone  
  18  1:14  Extractor  
  17  1:22  Spawning Pool  
  17  1:23  Drone  
  17  1:32  Drone  
  18  1:42  Drone  
  19  2:02  Drone  
  19  2:05  Overlord  
  20  2:10  Queen x2  
  20  2:11  Zergling x2  
  25  2:25  Drone x2  
  25  2:26  Drone x2  
  29  2:36  Overlord  
  29  2:38  Drone  
  30  2:47  Lair  
  30  2:48  Drone x2  
  32  3:04  Drone x2  
  34  3:06  Metabolic Boost  
  34  3:13  Drone x2  
  34  3:18  Queen  
  38  3:22  Drone  
  38  3:23  Drone  
  40  3:29  Evolution Chamber  
  40  3:30  Drone x2  
  40  3:31  Baneling Nest  
  40  3:41  Zergling x4  
  42  3:58  Overlord x2  
  42  4:11  Overlord x2  
  42  4:21  Zergling x18  
  42  4:22  Hatchery  
  50  4:36  Zergling x2  
  50  4:37  Zergling x4  
  53  4:52  Zergling x4  
  55  5:00  Hatchery  
  39  5:17  Zergling x12  
Show
View Real Time Build Order
Export as new Build Order

TATORREA Protoss 

Build Orders:  

Get SALT Encoding   

  12  0:02  Probe  
  13  0:14  Probe  
  14  0:25  Pylon  
  14  0:26  Probe  
  15  0:43  Probe  
  16  0:50  Gateway  
  16  0:55  Probe  
  17  0:57  Assimilator  
  17  1:07  Probe  
  18  1:18  Gateway  
  18  1:19  Probe  
  19  1:27  Pylon  
  19  1:30  Assimilator  
  19  1:31  Probe (Chrono Boost)  
  21  1:40  Probe (Chrono Boost)  
  21  1:43  Pylon  
  21  1:45  Probe (Chrono Boost)  
  22  1:58  Cybernetics Core  
  22  2:11  Gateway  
  22  2:13  Gateway  
  22  2:22  Forge  
  22  2:37  Stalker (Chrono Boost)  
  22  2:38  Stalker (Chrono Boost)  
  22  2:41  Warp Gate  
  26  3:02  Stalker (Chrono Boost)  
  26  3:03  Stalker (Chrono Boost), Zealot (Chrono Boost)  
  32  3:09  Sentry  
  32  3:12  Protoss Ground Weapons Level 1 (Chrono Boost)  
  34  3:23  Pylon  
  34  3:30  Zealot  
  34  3:33  Sentry  
  38  3:41  Stalker  
  40  3:57  Stalker  
  40  3:58  Stalker  
  44  4:04  Zealot  
  46  4:26  Probe  
  47  4:50  Nexus  
  47  4:53  Pylon  
  47  4:56  Pylon, Probe  
  44  5:07  Stalker  
  30  5:14  Zealot  
Show
View Real Time Build Order
Export as new Build Order

tigro Terran 

Build Orders:  

Get SALT Encoding   

  12  0:17  SCV  
  13  0:21  Supply Depot  
  13  0:29  SCV  
  14  0:41  SCV  
  15  0:44  Supply Depot  
  15  0:53  SCV  
  15  0:54  Barracks  
  16  1:08  SCV  
  17  1:15  Refinery  
  17  1:18  Refinery  
  17  1:20  SCV  
  18  1:32  SCV  
  19  1:43  Marine  
  19  1:44  SCV  
  21  2:00  Marine  
  22  2:04  Engineering Bay  
  22  2:18  Marine  
  23  2:25  Factory  
  23  2:36  Marine  
  24  2:40  Missile Turret  
  24  2:53  SCV  
  24  2:54  Marine  
  26  3:00  Missile Turret  
  26  3:06  SCV  
  27  3:14  Factory Tech Lab  
  27  3:18  SCV  
  28  3:20  Barracks Tech Lab  
  28  3:31  Missile Turret  
  28  3:34  Orbital Command  
  28  3:36  Siege Tank  
  31  3:54  Missile Turret  
  31  4:01  Combat Shield  
  31  4:16  Missile Turret  
  31  4:17  Siege Tank  
  34  4:43  Command Center  
  34  5:06  Siege Tank  
Tags
 
Add a new tag
Caveats
  • Supply blocks, unpowered buildings, or Contaminate may cause inaccurate times.
  • Supply counts are checked every 10 seconds.